 Dungeon Crawl Stone Soup version 0.25-a0-927-g39f137c8b7 (webtiles) character file.

Game seed: 14187811054438921437, levelgen mode: deterministic

283279 Grylvandir the Earth Mage (level 20, -20/126 HPs)
             Began as a Gargoyle Earth Elementalist on May 3, 2020.
             Was the Champion of Vehumet.
             Killed from afar by an ancient lich (73 damage)
             ... with an iron shot
             ... on level 3 of the Abyss.
             The game lasted 02:32:33 (38150 turns).

Grylvandir the Earth Mage (GrEE)                   Turns: 38150, Time: 02:32:34

Health: -20/126    AC: 34    Str: 14    XL:     20   Next: 55%
Magic:  36/37      EV: 32    Int: 26    God:    Vehumet [******]
Gold:   2751       SH:  4    Dex: 10    Spells: 8/46 levels left

rFire    . . .     SeeInvis .   R - +4 demon whip (drain)
rCold    . . .     Gourm    .   (no shield)
rNeg     + . .     Faith    .   i - +5 steam dragon scales
rPois    ∞         Spirit   .   x - +2 helmet {Int+3}
rElec    +         Reflect  .   h - scarf {cloud immunity}
rCorr    .         Harm     .   Y - +1 pair of gloves
MR       +....     Clarity  +   Z - +2 pair of boots
Stlth    +.........             W - amulet of the acrobat
HPRegen  0.31/turn              e - +3 ring of slaying
MPRegen  0.25/turn              X - +4 ring of slaying

@: acrobat, flying, contaminated, glowing
A: big wings, large bone plates 1, slimy green scales 1, blurry vision 1,
clarity, deformed body, negative energy resistance 1, electricity resistance,
wild magic 1, unbreathing, petrification resistance, rot immunity, AC +15
}: 2/15 runes: serpentine, abyssal
a: Stop Flying, Renounce Religion


You were on level 3 of the Abyss.
You worshipped Vehumet.
Vehumet was exalted by your worship.
You were full.

You visited 7 branches of the dungeon, and saw 35 of its levels.
You visited the Abyss 1 time.
You also visited: Sewer, Gauntlet and Volcano.

You collected 5952 gold pieces.
You spent 3201 gold pieces at shops.

Inventory:

Hand Weapons
 R - a +4 demon whip of draining (weapon)
Missiles
 b - 709 stones (quivered)
 p - 12 throwing nets
Armour
 h - a scarf of cloud immunity (worn)
 i - +5 steam dragon scales (worn)
 x - a +2 helmet of intelligence (worn)
 Y - a +1 pair of gloves (worn)
 Z - a +2 pair of boots (worn)
Magical Staves
 j - an uncursed staff of cold
Jewellery
 e - a +3 ring of slaying (left hand)
 o - an uncursed ring of wizardry
 r - an uncursed ring of ice
 z - an uncursed ring of see invisible
 P - the ring "Xeffuefege" {rPois rC+ Str+2}
   (You found it in a Gauntlet)

   [ring of poison resistance]

   It affects your strength (+2).
   It protects you from cold.
   It protects you from poison.
 W - an amulet of the acrobat (around neck)
 X - a +4 ring of slaying (right hand)
Wands
 a - a wand of iceblast (10)
 f - a wand of acid (23)
 u - a wand of disintegration (32)
 B - a wand of digging (10)
 D - a wand of clouds (19)
 V - a wand of paralysis (16)
Scrolls
 g - 18 scrolls of teleportation
 l - 18 scrolls of remove curse
 m - 12 scrolls of identify
 n - a scroll of fear
 t - 2 scrolls of immolation
 v - 4 scrolls of fog
 w - a scroll of amnesia
 N - 5 scrolls of magic mapping
Potions
 k - 2 potions of berserk rage
 s - 3 potions of haste
 A - 8 potions of heal wounds
 C - 7 potions of brilliance
 E - 3 potions of ambrosia
 F - 3 potions of stabbing
 G - 9 potions of curing
 K - a potion of resistance
 L - 4 potions of magic
Miscellaneous
 y - a phial of floods
 H - 4 boxes of beasts
 I - a lightning rod (4/4)
Comestibles
 d - 37 rations


   Skills:
 + Level 13.6 Fighting
 + Level 12.7 Maces & Flails
 - Level 6.0 Armour
 + Level 11.1 Dodging
 - Level 2.1 Stealth
 + Level 13.6 Spellcasting
 + Level 14.4 Conjurations
 - Level 0.7 Transmutations
 * Level 13.9 Fire Magic
 + Level 16.0 Earth Magic
 - Level 6.0 Evocations


You had 8 spell levels left.
You knew the following spells:

 Your Spells              Type           Power        Failure   Level  Hunger
a - Sandblast             Erth           ######       1%          1    None
b - Stone Arrow           Conj/Erth      ######       1%          3    None
c - Lee's Rapid Deconstr  Erth           #######...   1%          5    ##.....
d - Iron Shot             Conj/Erth      #######...   1%          6    ####...
e - Bolt of Magma         Conj/Fire/Erth #######...   1%          5    ##.....
f - Borgnjor's Vile Clut  Necr/Erth      ######....   5%          5    ##.....
g - Fireball              Conj/Fire      #######...   1%          5    ##.....
h - Irradiate             Conj/Tmut      ######....   1%          5    ##.....
i - Mephitic Cloud        Conj/Pois/Air  ######..     1%          3    None

Your spell library contained the following spells:

 Spells                   Type           Power        Failure   Level  Hunger
 Lehudib's Crystal Spear  Conj/Erth      #######...   14%         8    #######
 Fire Storm               Conj/Fire      #######...   93%         9    #######
 Tornado                  Air            ###.......   100%        9    #######
 Freeze                   Ice            ###.         1%          1    None
 Shock                    Conj/Air       ####         1%          1    None
 Passwall                 Tmut/Erth      ######..     1%          2    None
 Ignite Poison            Fire/Tmut/Pois ######..     1%          3    None
 Static Discharge         Conj/Air       ######..     1%          3    None
 Hailstorm                Conj/Ice       ######..     1%          4    None
 Petrify                  Tmut/Erth      ######..     2%          4    None
 Lightning Bolt           Conj/Air       ######....   2%          5    ##.....
 Sting                    Tmut/Pois      ####         4%          1    None
 Frozen Ramparts          Ice            ###...       4%          3    None
 Infusion                 Chrm           ###.         5%          1    None
 Ensorcelled Hibernation  Hex/Ice        ###...       8%          2    None
 Poisonous Vapours        Pois/Air       ###...       8%          2    None
 Swiftness                Chrm/Air       ###.....     8%          2    None
 Airstrike                Air            ###.......   12%         4    None
 Olgreb's Toxic Radiance  Pois           ###.....     12%         4    None
 Ozocubu's Armour         Chrm/Ice       ###.....     14%         3    None
 Summon Ice Beast         Ice/Summ       ###.....     41%         4    None
 Silence                  Hex/Air        ###.......   73%         5    ##.....
 Darkness                 Hex            ###.......   99%         6    ####...
 Hydra Form               Tmut           ####......   99%         6    ####...
 Shadow Creatures         Summ           N/A          99%         6    ####...
 Dragon Form              Tmut           ####......   100%        7    ######.
 Statue Form              Tmut/Erth      Unusable     N/A         6    N/A

Dungeon Overview and Level Annotations

Branches:
Dungeon (15/15)            Temple (1/1) D:5            Lair (6/6) D:10
 Shoals (4/4) Lair:4        Snake (4/4) Lair:3        Slime (0/5) Lair:5
    Orc (2/2) D:10            Elf (3/3) Orc:2        Vaults (0/5) D:14
 Depths (0/5) D:15          Sewer (visited)         Volcano (visited)
Gauntlet (visited)

Altars:
Ashenzari
Cheibriados
Dithmenos
Elyvilon
Fedhas
Gozag
Hepliaklqana
Kikubaaqudgha
Makhleb
Nemelex Xobeh
Okawaru
Qazlal
Ru
Sif Muna
Uskayaw
Vehumet
Wu Jian
Xom
Yredelemnul
Zin
The Shining One
Jiyva

Shops:
D:10 *   D:12 *   D:13 *   D:14 !   Orc:2 :!%   Elf:1 %   Elf:3 %   Shoals:4 (
Snake:1 [???   Snake:4 *

Annotations:
D:15 2 runed translucent doors, Banufom's ghost, journeyman DsFi
Lair:5 3 runed translucent doors, Ryummano's ghost, journeyman TrSk
Elf:2 5 runed translucent doors
Abyss:3 1 transporter


Innate Abilities, Weirdness & Mutations

You are resistant to torment.
Your stone body is resilient. (AC +15)
You are immune to poison.
Your large and strong wings let you fly indefinitely.
You resist negative energy. (rN+)
You are resistant to electric shocks. (rElec)
You can survive without breathing.
You are immune to petrification.
You are immune to rotting.
You are partially covered in large bone plates. (SH +4)
You are partially covered in slimy green scales. (AC +2)
Scrolls take you a little longer to read.
You possess an exceptional clarity of mind.
Armour fits poorly on your strangely shaped body.
Your spells are a little harder to cast, but a little more powerful.


Message History

The starcursed mass is blasted with magical radiation!!
You destroy the starcursed mass!
Vehumet accepts your kill.
You feel your power returning.
The quicksilver dragon breathes dispelling energy at you.
The bolt of dispelling energy hits you.
You feel strangely stable. The ancient lich casts a spell at you.
You barely resist.
The draconian wails, "Help!"
You block the quicksilver dragon's attack.
The quicksilver dragon claws you.
Unknown command.
Unknown command.
The Tzitzimitl gestures at you. The bolt of cold hits you!!
The ancient lich points at you and mumbles some strange words.
The iron shot hits you!!!!
Ouch! That really hurt!
You die...

## ####### ## ##
...###d#©#.###...##
..Xd..#@#..'.....#
#..D....#.. ..#
##.L12.##.. ..#
##..1..##.....#
#..###..##2.. #
###'.'### #.#
########....# .. .
..[#)... .#
..'..©))+ ...#


You could see an ancient lich, a Tzitzimitl, a cacodemon, a quicksilver dragon
and an Executioner.

Vanquished Creatures
  A kraken (Shoals:1)
  Gastronok (Lair:2)
  A shadow dragon (Abyss:3)
  Donald (Shoals:2)
  10 nagarajas
  A draconian monk (Abyss:3)
  Ilsuiw (Shoals:2)
  Aizul (Lair:3)
  3 deep elf sorcerers (Elf:3)
  A draconian stormcaller (Abyss:3)
  2 deep elf elementalists (Elf:3)
  A stone giant (Orc:2)
  3 deep elf demonologists (Elf:3)
  6 deep elf annihilators (Elf:3)
  The ghost of pljop the Spry, a journeyman TeAE of Vehumet (Lair:6)
  A dire elephant (Lair:6)
  A minotaur (Gauntlet)
  A merfolk javelineer (Shoals:1)
  5 deep elf death magi (Elf:3)
  8 merfolk impalers
  6 vault guards (D:14)
  4 deep elf high priests
  6 hydras
  13 naga warriors
  Harold (D:8)
  An anaconda (shapeshifter) (D:14)
  An alligator snapping turtle (Shoals:2)
  3 merfolk avatars
  6 centaur warriors
  4 ogre magi (Orc:2)
  14 anacondas
  3 merfolk aquamancers
  12 dancing weapons
  16 two-headed ogres
  5 shock serpents
  An orc high priest (Elf:1)
  14 naga sharpshooters
  A death yak (Lair:6)
  A queen ant (Lair:2)
  3 thrashing horrors (Abyss:3)
  11 deep elf knights
  A fire crab (Volcano)
  3 skeletal warriors (D:15)
  A glowing orange brain (D:15)
  An unseen horror (shapeshifter) (Abyss:3)
  An unseen horror (D:14)
  8 sea snakes
  A shadow demon (Abyss:3)
  6 harpies
  14 deep elf archers
  7 naga ritualists
  2 lindwurms
  A necromancer (Gauntlet)
  46 deep elf magi
  2 orc knights
  An orc sorcerer (Orc:2)
  12 ugly things
  16 fauns
  5 elephants (Lair:6)
  10 mana vipers
  8 manticores
  2 salamanders (Snake:1)
  2 draconians (Abyss:3)
  15 guardian serpents
  4 water nymphs
  10 merfolk sirens
  7 cyclopes
  A moth of wrath (Gauntlet)
  32 black mambas
  2 centaur zombies
  15 naga magi
  2 torpor snails (Lair:6)
  7 centaur skeletons
  12 spiny frogs
  7 rime drakes
  12 komodo dragons
  3 efreet
  6 trolls
  A tengu conjurer (D:14)
  9 wind drakes
  A hornet (D:15)
  29 merfolk
  4 polar bears
  7 hippogriffs
  9 slime creatures
  6 snapping turtles
  A snapping turtle (shapeshifter) (Elf:1)
  4 starcursed masses (Abyss:3)
  14 blink frogs
  A hippogriff (shapeshifter) (D:15)
  A spriggan (D:11)
  3 redbacks (Gauntlet)
  A spriggan (shapeshifter) (D:14)
  9 water elementals
  2 air elementals
  3 wyverns
  42 yaks
  A vampire (D:14)
  3 fire elementals (Elf:1)
  10 fire bats
  A hog (shapeshifter) (D:14)
  6 humans (D:14)
  Grum (D:7)
  2 basilisks
  2 steam dragons (Shoals:2)
  3 vampire mosquitoes (D:13)
  2 wargs (Orc:1)
  4 hungry ghosts
  A naga (shapeshifter) (D:15)
  60 nagas
  5 soldier ants (Lair:2)
  A soldier ant (shapeshifter) (D:15)
  3 hell hounds
  19 water moccasins
  An acid dragon (D:15)
  2 phantoms
  7 porcupines
  An eye of draining (D:13)
  11 orc warriors
  2 ice beasts
  3 sky beasts
  A hornet zombie (D:8)
  3 black bears
  33 ogres
  4 boggarts (D:15)
  A necrophage (D:11)
  14 wolves
  6 centaurs
  10 crocodiles
  A bullfrog (shapeshifter) (D:15)
  5 big kobolds
  A wyvern zombie (D:6)
  21 bullfrogs
  4 earth elementals
  3 scorpions
  14 wights
  5 electric eels
  6 howler monkeys
  2 crimson imps
  A quasit (D:13)
  2 bullfrog zombies
  4 jellies
  14 orc priests
  4 hounds
  5 iguanas
  22 orc wizards
  Terence (D:2)
  12 worker ants
  2 hound skeletons
  A howler monkey zombie (D:5)
  18 adders
  15 gnolls
  3 shadow imps
  A white imp (Abyss:3)
  7 oozes
  2 adder skeletons
  4 worms
  2 dart slugs
  8 leopard geckos
  58 orcs
  17 bats
  7 giant cockroaches
  17 goblins
  11 hobgoblins
  15 jackals
  29 kobolds
  5 quokkas
  7 ball pythons
  9 frilled lizards
  A leopard gecko skeleton (D:6)
  2 leopard gecko zombies
  11 rats
  A fungus (Lair:2)
  4 plants
  3 tentacles (Shoals:1)
1218 creatures vanquished.

Vanquished Creatures (collateral kills)
  Jorgrun (Shoals:3)
1 creature vanquished.

Vanquished Creatures (others)
  A merfolk aquamancer (Shoals:1)
  An unseen horror (D:14)
  A guardian serpent (Snake:4)
  An orc warrior (D:6)
  A wolf (Gauntlet)
  An orc (Orc:2)
  16 fungi
  30 plants
  A tentacle (Shoals:1)
  A withered plant (Gauntlet)
54 creatures vanquished.

Grand Total: 1273 creatures vanquished

Notes
Turn   | Place    | Note
-------+----------+-------------------------------------------
     0 | D:1      | Grylvandir the Gargoyle Earth Elementalist began the quest
                  | for the Orb.
     0 | D:1      | Reached XP level 1. HP: 10/10 MP: 3/3
   118 | D:1      | Reached XP level 2. HP: 15/15 MP: 1/5
   202 | D:1      | Reached skill level 4 in Earth Magic
   452 | D:1      | Reached XP level 3. HP: 17/19 MP: 0/6
   457 | D:1      | Learned a level 3 spell: Stone Arrow
   924 | D:2      | Reached skill level 1 in Conjurations
   965 | D:2      | Noticed Terence
   977 | D:2      | Reached XP level 4. HP: 24/24 MP: 5/8
  1322 | D:2      | Reached skill level 5 in Earth Magic
  1324 | D:2      | Reached XP level 5. HP: 28/28 MP: 3/9
  1565 | D:2      | Killed Terence
  1966 | D:3      | Reached XP level 6. HP: 26/32 MP: 11/11
  2068 | D:3      | Noticed a phantom
  2079 | D:3      | Killed a phantom
  2325 | D:3      | Reached skill level 6 in Earth Magic
  3002 | D:4      | Found an ornate altar of the Wu Jian Council.
  3078 | D:4      | Found a shattered altar of Ashenzari.
  3084 | D:4      | Reached XP level 7. HP: 32/36 MP: 13/13
  3210 | D:4      | Found a glowing drain.
  3219 | Sewer    | Entered a sewer
  4600 | D:5      | Entered Level 5 of the Dungeon
  4649 | D:5      | Found a glowing golden altar of the Shining One.
  4727 | D:5      | Found a staircase to the Ecumenical Temple.
  4737 | Temple   | Entered the Ecumenical Temple
  4821 | Temple   | Became a worshipper of Vehumet
  4866 | D:5      | Reached skill level 1 in Fighting
  4866 | D:5      | Reached skill level 1 in Armour
  4873 | D:5      | Learned a level 5 spell: Lee's Rapid Deconstruction
  4892 | D:5      | Reached XP level 8. HP: 42/43 MP: 15/15
  4894 | D:5      | Reached skill level 1 in Maces & Flails
  4947 | D:5      | Reached skill level 7 in Earth Magic
  4960 | D:5      | Reached skill level 5 in Spellcasting
  5503 | D:6      | Reached skill level 5 in Conjurations
  5556 | D:6      | Found a shimmering blue altar of Sif Muna.
  6144 | D:6      | Identified Sif Muna's Disquisition on Talismans
  6331 | D:6      | Reached XP level 9. HP: 46/50 MP: 17/17
  6618 | D:7      | Reached * piety under Vehumet
  6618 | D:7      | Offered knowledge of Freeze by Vehumet.
  6667 | D:7      | Reached skill level 8 in Earth Magic
  7226 | D:8      | Noticed Grum
  7231 | D:7      | Killed Grum
  7449 | D:8      | Noticed Harold
  7458 | D:8      | Killed Harold
  7458 | D:8      | Reached XP level 10. HP: 55/58 MP: 19/19
  7570 | D:8      | Offered knowledge of Shock by Vehumet.
  7585 | D:8      | Reached ** piety under Vehumet
  7904 | D:8      | Found a sparkling altar of Nemelex Xobeh.
  8213 | D:9      | Got a twisted leather armour
  8218 | D:9      | Learned a level 3 spell: Mephitic Cloud
  8358 | D:9      | Reached skill level 5 in Fighting
  8470 | D:9      | Reached skill level 9 in Earth Magic
  8474 | D:9      | Reached skill level 5 in Armour
  8480 | D:9      | Offered knowledge of Inner Flame by Vehumet.
  8682 | D:10     | Entered Level 10 of the Dungeon
  8708 | D:10     | Reached *** piety under Vehumet
  8749 | D:10     | Found Ciskav's Assorted Antiques.
  8772 | D:10     | Bought a purple potion for 27 gold pieces
  8772 | D:10     | Bought a scroll labeled CILLAPP BAST for 31 gold pieces
  8772 | D:10     | Bought a viscous silvery potion for 27 gold pieces
  8772 | D:10     | Bought a white potion for 27 gold pieces
  8772 | D:10     | Bought a potion of curing for 93 gold pieces
  8861 | D:10     | Reached skill level 5 in Maces & Flails
  8871 | D:10     | Reached skill level 1 in Evocations
  8871 | D:10     | Reached XP level 11. HP: 40/64 MP: 14/21
  9123 | D:10     | Found a staircase to the Lair.
  9132 | D:10     | Reached skill level 5 in Dodging
  9143 | D:10     | Noticed a two-headed ogre
  9158 | D:10     | Offered knowledge of Airstrike by Vehumet.
  9162 | D:10     | Killed a two-headed ogre
  9601 | D:10     | Found a staircase to the Orcish Mines.
 10289 | D:11     | Reached **** piety under Vehumet
 10364 | D:11     | Noticed a cyclops
 10381 | D:11     | Killed a cyclops
 10596 | D:11     | Reached skill level 10 in Earth Magic
 10817 | D:11     | Offered knowledge of Irradiate by Vehumet.
 10838 | D:11     | Learned a level 5 spell: Irradiate
 11052 | D:12     | Noticed a two-headed ogre
 11059 | D:12     | Killed a two-headed ogre
 11096 | D:12     | Noticed a cyclops
 11122 | D:12     | Killed a cyclops
 11289 | D:12     | Found Cobamosm's Assorted Antiques.
 11295 | D:12     | Bought a scroll of magic mapping for 112 gold pieces
 11566 | D:13     | Noticed a green ugly thing
 11569 | D:13     | Noticed a centaur warrior
 11573 | D:13     | Killed a green ugly thing
 11573 | D:13     | Reached XP level 12. HP: 66/71 MP: 23/23
 11583 | D:12     | Killed a centaur warrior
 11790 | D:13     | Found Wured's General Store.
 11793 | D:13     | Bought a potion of curing for 42 gold pieces
 12198 | D:13     | Reached ***** piety under Vehumet
 12487 | D:14     | Noticed a vault guard
 12487 | D:14     | Noticed a vault guard
 12487 | D:14     | Noticed a vault guard
 12487 | D:14     | Noticed a vault guard
 12489 | D:14     | Noticed a vault guard
 12490 | D:14     | Noticed a vault guard
 12503 | D:14     | Killed a vault guard
 12510 | D:14     | Killed a vault guard
 12510 | D:14     | Offered knowledge of Orb of Destruction by Vehumet.
 12512 | D:14     | Killed a vault guard
 12523 | D:14     | Killed a vault guard
 12534 | D:14     | Killed a vault guard
 12534 | D:14     | Reached skill level 11 in Earth Magic
 12542 | D:14     | Killed a vault guard
 12617 | D:14     | Found a gate to the Vaults.
 12773 | D:14     | Reached XP level 13. HP: 42/78 MP: 25/25
 12904 | D:14     | Reached skill level 5 in Evocations
 13241 | D:14     | Found Rieshra's Distillery.
 13249 | D:14     | Bought a potion of heal wounds for 75 gold pieces
 13249 | D:14     | Bought 2 potions of curing for 90 gold pieces
 13249 | D:14     | Bought a potion of heal wounds for 75 gold pieces
 13249 | D:14     | Bought a potion of haste for 150 gold pieces
 13249 | D:14     | Bought a potion of heal wounds for 75 gold pieces
 13274 | D:14     | Reached skill level 10 in Conjurations
 13423 | D:14     | Learned a level 7 spell: Orb of Destruction
 13660 | Lair:1   | Entered Level 1 of the Lair of Beasts
 14134 | Lair:2   | Found a gate leading to a gauntlet.
 14144 | Lair:2   | Offered knowledge of Fireball by Vehumet.
 14157 | Gauntlet | Entered a Gauntlet
 14157 | Gauntlet | Found a transporter.
 14157 | Gauntlet | Found a transporter.
 14166 | Gauntlet | Found a transporter.
 14170 | Gauntlet | Found a transporter.
 14179 | Gauntlet | Found a transporter.
 14182 | Gauntlet | Found a transporter.
 14190 | Gauntlet | Found a transporter.
 14206 | Gauntlet | Found a transporter.
 14220 | Gauntlet | Found a transporter.
 14224 | Gauntlet | Found a transporter.
 14232 | Gauntlet | Found a transporter.
 14236 | Gauntlet | Found a transporter.
 14386 | Gauntlet | Got a steaming golden ring
 14935 | Gauntlet | Learned a level 5 spell: Fireball
 14974 | Gauntlet | Noticed a minotaur
 14985 | Gauntlet | Killed a minotaur
 15019 | Gauntlet | Identified the +2 leather armour of the Unstoppable Lovers
                  | {rN+ Str+3} (You found it on level 9 of the Dungeon)
 15058 | Gauntlet | Identified the ring "Xeffuefege" {rPois rC+ Str+2} (You
                  | found it in a Gauntlet)
 15254 | Lair:2   | Reached skill level 1 in Fire Magic
 15365 | Lair:2   | Reached skill level 12 in Earth Magic
 15392 | Lair:2   | Gained mutation: Your large and strong wings let you fly
                  | indefinitely. [Gargoyle growth]
 15392 | Lair:2   | Reached XP level 14. HP: 73/86 MP: 27/27
 15635 | Lair:2   | Noticed Gastronok
 15658 | Lair:2   | Killed Gastronok
 16450 | Lair:3   | Found a staircase to the Snake Pit.
 17067 | Lair:4   | Found a staircase to the Shoals.
 18331 | Lair:5   | Offered knowledge of Iskenderun's Battlesphere by Vehumet.
 18351 | Lair:5   | Found a staircase to the Slime Pits.
 18351 | Lair:5   | Found a viscous altar of Jiyva.
 18685 | Lair:5   | Found a runed translucent gate.
 18686 | Lair:5   | Found a runed translucent gate.
 18687 | Lair:5   | Found a runed translucent gate.
 18689 | Lair:5   | Found a viscous altar of Jiyva.
 18689 | Lair:5   | Noticed Ryummano's ghost (journeyman TrSk)
 18879 | Lair:6   | Entered Level 6 of the Lair of Beasts
 18989 | Lair:6   | Found a dark tunnel.
 19000 | Volcano  | Entered a volcano
 19628 | Lair:6   | Gained mutation: You are dopey. (Int -2) [potion of
                  | mutation]
 19628 | Lair:6   | Gained mutation: You have a pair of small horns on your
                  | head. [potion of mutation]
 19629 | Lair:6   | Reached XP level 15. HP: 92/92 MP: 27/30
 19647 | Lair:6   | Reached skill level 5 in Fire Magic
 19680 | Lair:6   | Reached skill level 10 in Fighting
 20318 | Lair:6   | Found a transporter.
 20323 | Lair:6   | Noticed pljop's ghost (journeyman TeAE)
 20327 | Lair:6   | Reached XP level 16. HP: 81/97 MP: 31/31
 20683 | Lair:6   | Found a transporter.
 20726 | Lair:6   | Lost mutation: You have a pair of small horns on your head.
                  | [potion of mutation]
 20726 | Lair:6   | Lost mutation: You are dopey. (Int -2) [potion of mutation]
 20726 | Lair:6   | Gained mutation: Armour fits poorly on your strangely
                  | shaped body. [potion of mutation]
 20726 | Lair:6   | Gained mutation: You are weak. (Str -2) [potion of
                  | mutation]
 20726 | Lair:6   | Gained mutation: You are partially covered in large bone
                  | plates. (SH +4) [potion of mutation]
 20726 | Lair:6   | Gained mutation: You are partially covered in slimy green
                  | scales. (AC +2) [potion of mutation]
 21286 | Lair:6   | Killed pljop's ghost
 21306 | Lair:6   | Got a scorched brass ring
 21310 | Lair:6   | Identified the ring of Midnight {rF+ Stlth-} (You found it
                  | on level 6 of the Lair of Beasts)
 21466 | Orc:1    | Entered Level 1 of the Orcish Mines
 21652 | Orc:2    | Entered Level 2 of the Orcish Mines
 21732 | Orc:1    | Reached skill level 13 in Earth Magic
 21939 | Orc:2    | Found Jely's Antique Armour Emporium.
 21939 | Orc:2    | Found Haolibli's Book Boutique.
 21940 | Orc:2    | Found Avafosey's Food Shop.
 21940 | Orc:2    | Found Faenygh's Distillery.
 21958 | Orc:2    | Reached ****** piety under Vehumet
 21958 | Orc:2    | Offered knowledge of Conjure Ball Lightning by Vehumet.
 21991 | Orc:2    | Bought a potion of heal wounds for 75 gold pieces
 21991 | Orc:2    | Bought a potion of mutation for 120 gold pieces
 21991 | Orc:2    | Bought a potion of invisibility for 120 gold pieces
 21991 | Orc:2    | Lost mutation: You are weak. (Str -2) [potion of mutation]
 21991 | Orc:2    | Gained mutation: You possess an exceptional clarity of
                  | mind. [potion of mutation]
 21991 | Orc:2    | Gained mutation: Scrolls take you a little longer to read.
                  | [potion of mutation]
 21991 | Orc:2    | Gained mutation: Your spells are a little harder to cast,
                  | but a little more powerful. [potion of mutation]
 22027 | Orc:2    | Found a staircase to the Elven Halls.
 22426 | Orc:1    | Reached skill level 10 in Maces & Flails
 22770 | D:15     | Entered Level 15 of the Dungeon
 23196 | D:15     | Reached XP level 17. HP: 52/104 MP: 23/32
 23529 | D:15     | Found a large runed translucent door.
 23530 | D:15     | Found a large runed translucent door.
 23532 | D:15     | Noticed Banufom's ghost (journeyman DsFi)
 23574 | D:15     | Offered knowledge of Bolt of Magma by Vehumet.
 24119 | D:15     | Found a staircase to the Depths.
 24560 | Snake:1  | Entered Level 1 of the Snake Pit
 24569 | Snake:1  | Noticed Aizul
 24607 | Lair:3   | Killed Aizul
 24968 | Lair:3   | Learned a level 5 spell: Bolt of Magma
 25054 | Snake:1  | Found Acky's Magic Scroll Shoppe.
 25059 | Snake:1  | Bought a scroll of brand weapon for 360 gold pieces
 25059 | Snake:1  | Bought a scroll of enchant weapon for 135 gold pieces
 25064 | Snake:1  | Bought a scroll of identify for 36 gold pieces
 25064 | Snake:1  | Bought a scroll of identify for 36 gold pieces
 25064 | Snake:1  | Bought a scroll of identify for 36 gold pieces
 25064 | Snake:1  | Bought a scroll of immolation for 63 gold pieces
 25144 | Snake:1  | Found a shimmering blue altar of Sif Muna.
 25371 | Snake:1  | Found Riojeuq's Magic Scroll Shoppe.
 25418 | Snake:1  | Bought a scroll of identify for 30 gold pieces
 25418 | Snake:1  | Bought a scroll of magic mapping for 52 gold pieces
 25418 | Snake:1  | Bought a scroll of magic mapping for 52 gold pieces
 25418 | Snake:1  | Bought a scroll of identify for 30 gold pieces
 25626 | Snake:1  | Found Ruav's Armour Emporium.
 25816 | Snake:1  | Found Xaser's Magic Scroll Boutique.
 25819 | Snake:1  | Bought a scroll of identify for 34 gold pieces
 25819 | Snake:1  | Bought a scroll of enchant weapon for 127 gold pieces
 26518 | Snake:2  | Reached skill level 14 in Earth Magic
 26731 | Snake:2  | Offered knowledge of Iron Shot by Vehumet.
 26748 | Snake:2  | Learned a level 6 spell: Iron Shot
 27028 | Snake:3  | Reached skill level 10 in Fire Magic
 27757 | Snake:3  | Learned a level 5 spell: Borgnjor's Vile Clutch
 27961 | Snake:4  | Entered Level 4 of the Snake Pit
 27998 | Snake:4  | Reached XP level 18. HP: 87/112 MP: 9/34
 28385 | Snake:4  | Offered knowledge of Ozocubu's Refrigeration by Vehumet.
 28490 | Snake:4  | Found Vanusu's General Store.
 28493 | Snake:4  | Bought a potion of heal wounds for 80 gold pieces
 28493 | Snake:4  | Bought a potion of curing for 48 gold pieces
 29044 | Snake:4  | Reached skill level 10 in Dodging
 29474 | Snake:4  | Got a serpentine rune of Zot
 29774 | Shoals:1 | Entered Level 1 of the Shoals
 30260 | Shoals:1 | Reached skill level 15 in Earth Magic
 30506 | Shoals:1 | Reached XP level 19. HP: 117/118 MP: 18/35
 30625 | Shoals:1 | Offered knowledge of Lehudib's Crystal Spear by Vehumet.
 30625 | Shoals:1 | Offered knowledge of Fire Storm by Vehumet.
 30625 | Shoals:1 | Offered knowledge of Tornado by Vehumet.
 31005 | Shoals:2 | Noticed Ilsuiw
 31005 | Shoals:2 | Noticed Donald
 31571 | Shoals:2 | Killed Donald
 32294 | Shoals:2 | Killed Ilsuiw
 33550 | Shoals:3 | Identified a scroll of acquirement
 33550 | Shoals:3 | Identified the +1 plate armour "Anugruot" {rPois Int+4
                  | Stlth+} (You acquired it on level 3 of the Shoals)
 33585 | Shoals:3 | Noticed Jorgrun
 33602 | Shoals:3 | Killed Jorgrun
 34025 | Shoals:4 | Entered Level 4 of the Shoals
 34025 | Shoals:4 | Found Ipheulic's Weapon Boutique.
 34368 | Elf:1    | Entered Level 1 of the Elven Halls
 34403 | Elf:1    | Found Kaskur's Food Shoppe.
 34603 | Snake:1  | Bought a scroll of immolation for 59 gold pieces
 34603 | Snake:1  | Bought a scroll of acquirement for 884 gold pieces
 34605 | Snake:1  | Identified the +1 crystal plate armour of the Valley of
                  | Death {Dex+6} (You acquired it on level 1 of the Snake Pit)
 34605 | Snake:1  | Identified the Catalogue of the Badger (You acquired it on
                  | level 1 of the Snake Pit)
 36017 | Elf:2    | Found a huge runed translucent gate.
 36017 | Elf:2    | Found a huge runed translucent gate.
 36017 | Elf:2    | Found a huge runed translucent gate.
 36023 | Elf:2    | Found a huge runed translucent gate.
 36024 | Elf:2    | Found a huge runed translucent gate.
 36360 | Elf:3    | Entered Level 3 of the Elven Halls
 36515 | Elf:3    | Found Ulaarat's Food Shoppe.
 36523 | Elf:3    | Reached XP level 20. HP: 121/124 MP: 37/37
 37555 | Elf:3    | Reached skill level 16 in Earth Magic
 37566 | Elf:3    | Cast into level 3 of the Abyss (a deep elf sorcerer)
 38067 | Abyss:3  | Found a transporter.
 38130 | Abyss:3  | Found a transporter.
 38130 | Abyss:3  | Noticed an ancient lich
 38134 | Abyss:3  | Noticed a Tzitzimitl
 38135 | Abyss:3  | Found a transporter.
 38136 | Abyss:3  | Got an abyssal rune of Zot
 38150 | Abyss:3  | Killed from afar by an ancient lich

Levels and vault maps discovered:
D:1:      eino_arrival_tree_alley, layout_loops_ring, minmay_tromino_v4_b
D:2:      layout_basic, supply_closet_lemuel, kennysheep_doodads,
          grunt_ministairs_9, uniq_terence
D:3:      layout_basic, first_ration
D:4:      layout_layer_cave, old_standard_altar, overflow_temple_1_default,
          cheibrodos_sewer_entry_drain, minmay_misc_feat_nine_boxes
D:5:      layout_loops_cross, minmay_temple_entry_mist, tso_metal_star
D:6:      layout_loops_cross, led_sif_book, hex_medium, grunt_ministairs_15
D:7:      layout_loops_ring
D:8:      layout_gridville, kennysheep_mini, uniq_harold, uniq_grum
D:9:      layout_rooms
D:10:     layout_basic, grunt_lair_entry_orc_guard_hut, erik_orc_3,
          serial_glass, glass_columns_c, glass_columns_a, glass_columns_b,
          glass_columns_a, glass_columns_a, glass_columns_a, serial_shops, shop
D:11:     layout_irregular_city, the_bakery, corexii_corridor_pit
D:12:     kennysheep_blocky_hall, layout_long_grid, serial_shops, shop
D:13:     layout_big_octagon, serial_shops, kennysheep_mini_moat
D:14:     layout_loops_ring, ximxim_vaults_locker_room,
          chequers_serial_rivers_micro_e, serial_shops, shop_statue,
          kennysheep_kite_vault
D:15:     gammafunk_enter_depths_forms, layout_irregular_city,
          ebering_ghost_disaster_area, serial_bayou_ford_a
Temple:   regret_index_temple_mists
Lair:1:   layout_big_grid, lemuel_fruit_tree
Lair:2:   layout_loops_ring, gauntlet_entry_generic, wad_woods_antlair,
          uniq_gastronok
Lair:3:   layout_cave_pods, minmay_snake_entry_six_corridors, grunt_megastairs_5
Lair:4:   layout_layer_cave, minmay_shoals_entry_lonely_mermaid
Lair:5:   layout_gridlike, slime_altar_1, gammafunk_ghost_ooze
Lair:6:   gammafunk_lair_ancient_temple, layout_big_grid, enter_volcano_3,
          gammafunk_ghost_arena
Shoals:1: layout_shoals, st_sunken_huts
Shoals:2: layout_shoals, nicolae_shoals_drake_roost, uniq_ilsuiw, uniq_donald
Shoals:3: layout_shoals, uniq_jorgrun
Shoals:4: shoals_end_grunt_garden, layout_shoals, serial_shops, shop
Snake:1:  layout_cave_pods, basic_altar, serial_shops, shop,
          nicolae_shop_behind_doors, nicolae_shop_crystal, shop,
          nicolae_snake_round_shape_thing, st_stairs_14, grunt_ministairs_15,
          grunt_megastairs_3, uniq_aizul
Snake:2:  layout_misc_corridors, grunt_ministairs_2, guppyfry_snake_island
Snake:3:  layout_rooms, grunt_megastairs_2
Snake:4:  grunt_snake_rune_serpentine_throne, layout_misc_corridors,
          serial_shops, nicolae_shop_behind_doors
Orc:1:    layout_diamond_mine, elves_outpost_lemuel
Orc:2:    st_orc_ogre_mass, layout_caves
Elf:1:    eino_elf_arrival_shootout, layout_loops_cross, serial_shops, shop,
          minivault_28, grunt_ministairs_5
Elf:2:    layout_geoelf_grid
Elf:3:    minmay_elf_hall_statues, layout_loops_corners, serial_shops, shop,
          billiards_dpeg
Abyss:3:  base: Elf:3, nicolae_abyss_rune_star_stuff,
          guppyfry_abyss_exit_imp_island, grunt_abyss_rune_forest_and_sorcery,
          evilmike_abyss_rune_ettins, guppyfry_abyss_exit_spiral_guarded,
          hangedman_decor_riveting, gammafunk_abyss_rune_reverse_zot

Skill      XL: |  1  2  3  4  5  6  7  8  9 10 11 12 13 14 15 16 17 18 19 20 |
---------------+-------------------------------------------------------------+-----
Earth Magic    | 4 5 6 7 8 9 10 11 12 13 14 15 16 | 16.0
Conjurations   | 1 2 3 4 5 6 7 8 9 10 11 12 13 14 | 14.4
Spellcasting   | 3 4 5 6 7 8 9 11 12 13 | 13.6
Fighting       | 1 3 4 5 6 8 9 10 11 12 13 | 13.6
Armour         | 1 2 4 5 6 |  6.0
Maces & Flails | 2 4 5 6 7 8 9 10 11 12 | 12.7
Dodging        | 2 4 5 6 7 8 9 10 11 | 11.1
Evocations     | 1 3 4 6 |  6.0
Fire Magic     | 1 4 6 8 10 12 13 | 13.9
Stealth        | |  2.1
Transmutations | |  0.7

Action                   |  1- 3 |  4- 6 |  7- 9 | 10-12 | 13-15 | 16-18 | 19-21 || total
-------------------------+-------+-------+-------+-------+-------+-------+-------++-------
Melee: Unarmed           |    12 |       |       |       |       |       |       ||    12
       Short sword       |    94 |   290 |   144 |       |       |       |       ||   528
       Flail             |       |       |   171 |   285 |   296 |   195 |       ||   947
       Headbutt          |       |       |       |       |     7 |     8 |       ||    15
       Demon whip        |       |       |       |       |       |   719 |   490 ||  1209
 Cast: Sandblast         |    15 |    48 |   101 |   268 |   232 |   124 |    23 ||   811
       Stone Arrow       |       |     1 |     3 |     7 |    13 |    34 |     7 ||    65
       Lee's Rapid Decon |       |       |     6 |    14 |    56 |    69 |    37 ||   182
       Irradiate         |       |       |       |     2 |       |    37 |    22 ||    61
       Orb of Destructio |       |       |       |       |     4 |     3 |       ||     7
       Fireball          |       |       |       |       |       |    10 |    34 ||    44
       Mephitic Cloud    |       |       |       |       |       |     1 |       ||     1
       Iron Shot         |       |       |       |       |       |    27 |    75 ||   102
 Abil: Fly               |       |       |       |       |     2 |     1 |       ||     3
       Stop Flying       |       |       |       |       |     1 |     1 |       ||     2
Evoke: Wand              |       |       |       |     1 |     2 |     4 |     8 ||    15
       Box of beasts     |       |       |       |       |       |       |     1 ||     1
  Use: Scroll            |       |     7 |     7 |    12 |    15 |    15 |    13 ||    69
       Potion            |       |       |     6 |       |     7 |     9 |    10 ||    32
 Stab: Sleeping          |     1 |     1 |     4 |     8 |     3 |     1 |     1 ||    19
       Invisible         |       |       |     2 |       |       |       |     1 ||     3
       Confused          |       |       |       |     2 |     2 |       |       ||     4
       Fleeing           |       |       |       |       |       |       |     1 ||     1
  Eat: Chunk             |     1 |     6 |    17 |    18 |    20 |    14 |    29 ||   105
       Ration            |       |       |       |     2 |     4 |    11 |     6 ||    23
Armor: Robe              |    26 |       |       |       |       |       |       ||    26
       Steam dragon scal |    37 |   108 |   247 |   224 |   275 |   424 |   211 ||  1526
Dodge: Dodged            |    93 |   223 |   318 |   303 |   473 |   801 |   380 ||  2591
       Repelled          |       |       |     6 |    14 |     5 |       |       ||    25
Block: Other             |       |       |       |       |       |   142 |    75 ||   217

Table legend:
 A = Non-vault XP
 B = Vault XP
 C = Vault XP percentage of total XP
 D = Non-vault monster count
 E = Vault monster count
 F = Vault count percentage of total count
                 A         B        C        D         E       F
            +---------+---------+-------+---------+---------+-------
      Total |  223335 |  188387 |  45.8 |     824 |     391 |  32.2
            +---------+---------+-------+---------+---------+-------
        D:1 |      64 |       4 |   5.9 |      32 |       2 |   5.9
        D:2 |     131 |      43 |  24.7 |      40 |       3 |   7.0
        D:3 |     356 |       0 |   0.0 |      40 |       0 |   0.0
        D:4 |     241 |       5 |   2.0 |      11 |       3 |  21.4
        D:5 |     635 |       0 |   0.0 |      16 |       0 |   0.0
        D:6 |     861 |      74 |   7.9 |      23 |       3 |  11.5
        D:7 |    1262 |     303 |  19.4 |      23 |       2 |   8.0
        D:8 |     750 |    1194 |  61.4 |      19 |       3 |  13.6
        D:9 |    1893 |       0 |   0.0 |      28 |       0 |   0.0
       D:10 |    4844 |    1080 |  18.2 |      28 |      15 |  34.9
       D:11 |    1483 |     229 |  13.4 |      15 |       1 |   6.2
       D:12 |    2121 |    1394 |  39.7 |      17 |       4 |  19.0
       D:13 |    5190 |       0 |   0.0 |      35 |       0 |   0.0
       D:14 |    5982 |   15269 |  71.9 |      24 |      30 |  55.6
       D:15 |   14250 |    2437 |  14.6 |      34 |       6 |  15.0
     Lair:1 |    3218 |       0 |   0.0 |      14 |       0 |   0.0
     Lair:2 |    1664 |    4084 |  71.1 |      11 |      14 |  56.0
     Lair:3 |    1098 |    5048 |  82.1 |       3 |      18 |  85.7
     Lair:4 |    7468 |     490 |   6.2 |      24 |       1 |   4.0
     Lair:5 |    2453 |       0 |   0.0 |       9 |       0 |   0.0
     Lair:6 |   12701 |   14190 |  52.8 |      47 |      33 |  41.2
   Shoals:1 |   15538 |    6711 |  30.2 |      29 |      10 |  25.6
   Shoals:2 |   14481 |    6963 |  32.5 |      32 |      12 |  27.3
   Shoals:3 |   17177 |    2200 |  11.4 |      36 |       1 |   2.7
   Shoals:4 |     526 |       0 |   0.0 |       1 |       0 |   0.0
    Snake:1 |   17464 |    3026 |  14.8 |      36 |       6 |  14.3
    Snake:2 |    8788 |    1184 |  11.9 |      18 |       3 |  14.3
    Snake:3 |   17907 |    5387 |  23.1 |      37 |      13 |  26.0
    Snake:4 |   10955 |   42291 |  79.4 |      16 |      65 |  80.2
      Orc:1 |    2386 |    5645 |  70.3 |      23 |      10 |  30.3
      Orc:2 |    3811 |   17388 |  82.0 |      22 |      40 |  64.5
      Elf:1 |   17268 |    7043 |  29.0 |      33 |      16 |  32.7
      Elf:2 |    8793 |    1772 |  16.8 |      15 |       2 |  11.8
      Elf:3 |   16697 |   27524 |  62.2 |      25 |      23 |  47.9
    Abyss:3 |    2879 |    8557 |  74.8 |       8 |       8 |  50.0
      Sewer |       0 |      76 | 100.0 |       0 |      23 | 100.0
    Volcano |       0 |    3181 | 100.0 |       0 |      11 | 100.0
   Gauntlet |       0 |    3595 | 100.0 |       0 |      10 | 100.0
            +---------+---------+-------+---------+---------+-------
